 Dungeon Crawl Stone Soup version 0.22-a0-579-gb62a27e (webtiles) character file.

33 royokou the Conjurer (level 3, 0/19 HPs)
             Began as a Deep Elf Conjurer on July 1, 2018.
             Succumbed to an adder's poison
             ... on level 2 of the Dungeon.
             The game lasted 00:04:38 (862 turns).

royokou the Conjurer (Deep Elf Conjurer)             Turns: 862, Time: 00:04:39

Health: 0/19       AC:  2    Str:  5    XL:     3   Next: 12%
Magic:  0/10       EV: 13    Int: 20    God:
Gold:   87         SH:  0    Dex: 15    Spells: 6/9 levels left

rFire    . . .     SeeInvis .   d - +0 mace
rCold    . . .     Gourm    .   (no shield)
rNeg     . . .     Faith    .   a - +0 robe
rPois    .         Spirit   .   (no helmet)
rElec    .         Reflect  .   (no cloak)
rCorr    .         Harm     .   (no gloves)
MR       .....                  (no boots)
Stlth    ++........             (no amulet)
HPRegen  0.06/turn              (no ring)
MPRegen  0.12/turn              (no ring)

@: lethally poisoned (0 -> -11)
A: no striking features
a: no special abilities


You were on level 2 of the Dungeon.
You were not hungry.

You visited 1 branch of the dungeon, and saw 2 of its levels.

You collected 87 gold pieces.

Inventory:

Hand Weapons
 d - a +0 mace (weapon)
Armour
 a - a +0 robe (worn)
 b - a scarf of spirit shield
Scrolls
 e - a scroll of fog {unknown}
Comestibles
 c - 4 rations


   Skills:
 - Level 2.4 Dodging
 - Level 2.4 Stealth
 + Level 3.7 Spellcasting
 * Level 5.2 Conjurations


You had 6 spell levels left.
You knew the following spells:

 Your Spells              Type           Power        Failure   Level  Hunger
a - Magic Dart            Conj           ###.         1%          1    None
b - Searing Ray           Conj           ###...       2%          2    ##.....

Your spell library contained the following spells:

 Spells                   Type           Power        Failure   Level  Hunger
 Iskenderun's Mystic Bla  Conj           ###.....     16%         4    ####...
 Fulminant Prism          Conj/Hex       ##........   41%         4    ####...
 Dazzling Spray           Conj/Hex       ##....       14%         3    ###....
 Force Lance              Conj/Tloc      ##......     41%         4    ####...


Dungeon Overview and Level Annotations

Branches:
Dungeon (2/15)

Altars:


Message History

Press: ? - help, Shift-Dir - straight line, f - kobold
Aim: a kobold, wielding a dagger The searing ray hits the adder.
The adder is moderately wounded. (Press . to maintain the ray.)
The adder barely misses you.
The searing ray misses the adder.
You feel sick. The adder bites you.
You are lethally poisoned!
The adder poisons you! The kobold barely misses you. The adder misses you.
Without enough magic to sustain it, your searing ray dissipates.
You feel sick. The kobold hits you with a dagger. The adder barely misses you.
The adder bites you.
You are more poisoned.
The adder poisons you! The kobold hits you with a dagger.
* * * LOW HITPOINT WARNING * * *
You feel sick. The adder barely misses you. The kobold hits you with a dagger.
* * * LOW HITPOINT WARNING * * *
The adder bites you.
* * * LOW HITPOINT WARNING * * *
You die...

## ... ###.##########
.............#
.....#......##.#
........8...#.#####
#...##............#
#............SK...#
#....#.#..#..@....#
....#.#..#.......#
#.###.#.#..#.......#
#..........#.......#
...###S######.......#
#................#
#.#.#####........#
#.#.# #........#
#.#.#####..#.#########


You could see an adder and a kobold.

Vanquished Creatures
  2 adder zombies (D:2)
  2 adder skeletons (D:2)
  2 bats (D:1)
  A giant cockroach (D:1)
  3 goblins
  2 hobgoblins (D:1)
  A giant cockroach zombie (D:2)
  2 jackal skeletons (D:2)
  4 kobolds
  A leopard gecko zombie (D:2)
  3 rats (D:1)
23 creatures vanquished.

Vanquished Creatures (others)
  5 toadstools (D:1)
5 creatures vanquished.

Grand Total: 28 creatures vanquished

Notes
Turn   | Place    | Note
-------+----------+-------------------------------------------
     0 | D:1      | royokou the Deep Elf Conjurer began the quest for the Orb.
     0 | D:1      | Reached XP level 1. HP: 10/10 MP: 6/6
   222 | D:1      | Reached XP level 2. HP: 15/15 MP: 0/8
   291 | D:1      | Learned a level 2 spell: Searing Ray
   481 | D:2      | Reached skill level 5 in Conjurations
   835 | D:2      | Reached XP level 3. HP: 19/19 MP: 6/10
   862 | D:2      | Succumbed to an adder's poison

Vault maps used:
D:1:      ldierk_walled_garden
D:2:      kennysheep_big_flooded_room, nicolae_overflow_hidden_temple,
          evilmike_ruin_ashenzari, serial_undead, serial_undead_d,
          serial_undead_d, serial_undead_d, serial_undead_e, serial_undead_e,
          serial_undead_a, cheibriados_altar_1, uniq_jessica, uniq_natasha

Skill      XL: |  1  2 |
---------------+-------+-----
Conjurations   | 5 |  5.2
Dodging        | |  2.4
Stealth        | |  2.4
Spellcasting   | |  3.7

Action                   || total
-------------------------++-------
Melee: Mace              ||     7
 Cast: Magic Dart        ||    26
       Searing Ray       ||    10
Armor: Robe              ||     6
Dodge: Dodged            ||    25

Table legend:
 A = Spawn XP
 B = Non-spawn XP
 C = Spawn XP percentage of total XP
 D = Spawn monster count
 E = Non-spawn monster count
 F = Spawn count percentage of total count
 G = Total turns spent on level
                    A         B        C        D         E        F      G
               +---------+---------+-------+---------+---------+-------+---------
         Total |       0 |      48 |   0.0 |       0 |      23 |   0.0 |   862
               +---------+---------+-------+---------+---------+-------+---------
           D:1 |       0 |      20 |   0.0 |       0 |      13 |   0.0 |   585
           D:2 |       0 |      28 |   0.0 |       0 |      10 |   0.0 |   277
               +---------+---------+-------+---------+---------+-------+---------
